 Dungeon Crawl Stone Soup version 0.28.0 (webtiles) character file.

Game seed: 5336765521254992200

42 Strat the Magician (level 3, 0/31 HPs)
             Began as a Palentonga Hedge Wizard on Feb 9, 2022.
             Succumbed to an adder's poison
             ... on level 3 of the Dungeon.
             The game lasted 00:04:44 (2444 turns).

Strat the Magician (Palentonga Hedge Wizard)        Turns: 2444, Time: 00:04:45

Health: 0/31       AC:  7    Str: 15    XL:     3   Next: 35%
Magic:  5/7        EV:  7    Int: 14    God:
Gold:   65         SH:  0    Dex:  9    Spells: 7/8 levels left

rFire   . . .      SeeInvis +   h - +0 short sword
rCold   . . .      Faith    .   (no shield)
rNeg    . . .      Spirit   .   s - +0 scale mail
rPois   .          Reflect  .   c - +0 hat
rElec   .          Harm     .   d - +0 cloak
rCorr   .          Rampage  .   (no gloves)
Will    .....                   (no barding)
Stlth   ..........              (no amulet)
HPRegen 0.10/turn               (no ring)
MPRegen 0.10/turn               (no ring)

@: lethally poisoned (0 -> -10)
A: large, rugged brown scales 3, see invisible, deformed body, roll 1, armoured
tail
a: Rolling Charge


You were on level 3 of the Dungeon.
You visited 1 branch of the dungeon, and saw 3 of its levels.

You collected 65 gold pieces.

Inventory:

Hand Weapons
 a - a +0 dagger
 h - a +0 short sword (weapon)
Missiles
 e - 3 poisoned darts
 j - 91 stones
Armour
 b - a +0 robe
 c - a +0 hat (worn)
 d - a +0 cloak (worn)
 k - a +0 chain mail
 s - a +0 scale mail (worn)
Wands
 q - a wand of polymorph (3)
Scrolls
 l - 2 scrolls of identify {unknown}
 o - 2 scrolls of fear {unknown}
 p - a scroll of teleportation {unknown}
Potions
 f - 2 potions of ambrosia {unknown}
 g - a potion of resistance {unknown}
 i - a potion of mutation {unknown}
 m - a potion of invisibility {unknown}
 n - a potion of flight {unknown}
 r - a potion of attraction {unknown}


   Skills:
 - Level 3.0 Fighting
 + Level 0.2 Armour
 - Level 1.5 Dodging
 - Level 1.2 Stealth
 - Level 3.0 Spellcasting
 - Level 0.8 Conjurations
 - Level 0.7 Summonings
 - Level 1.0 Translocations


You had 7 spell levels left.
You knew the following spells:

 Your Spells              Type           Power      Damage    Failure   Level
a - Magic Dart            Conj           16%        1d3       52%         1

Your spell library contained the following spells:

 Spells                   Type           Power      Damage    Failure   Level
 Slow                     Hex            8%         N/A       65%         1
 Blink                    Tloc           8%         N/A       65%         2
 Call Imp                 Summ           4%         N/A       69%         2
 Gell's Gravitas          Tloc           4%         N/A       86%         3
 Lesser Beckoning         Tloc           4%         N/A       86%         3
 Teleport Other           Tloc           4%         N/A       86%         3
 Conjure Flame            Conj/Fire      3%         6-21      91%         3
 Mephitic Cloud           Conj/Pois/Air  2%         N/A       93%         3


Dungeon Overview and Level Annotations

Branches:
Dungeon (3/15)

Altars:

Annotations:
D:2 1 runed translucent door, Crazy Yiuf


Innate Abilities, Weirdness & Mutations

You are completely covered in rugged brown scales. (AC +3, +7% HP)
You have supernaturally acute eyesight. (SInv)
Armour fits poorly on your strangely shaped body.
You can roll at nearby foes to attack.
You have a long armoured tail.


Message History

You barely miss the adder.
The adder is lightly wounded.
You feel sick. The adder bites you.
* * * LOW HITPOINT WARNING * * *
You are more poisoned.
The adder poisons you! The adder closely misses you.
You barely miss the adder.
The adder is lightly wounded.
You feel very sick. The adder bites you but does no damage.
You completely miss the adder.
Your tail-slap misses the adder.
The adder is lightly wounded.
You feel sick. The adder closely misses you.
The adder bites you but does no damage.
Your magical contamination has completely faded away.
You miss the adder.
The adder is lightly wounded.
You feel sick. The adder barely misses you.
You hit the adder but do no damage.
The adder is lightly wounded.
You feel sick. The adder bites you.
* * * LOW HITPOINT WARNING * * *
You are lethally poisoned!
The adder poisons you!
You hit the adder.
The adder is moderately wounded.
* * * LOW HITPOINT WARNING * * *
You feel very sick. The adder bites you but does no damage.
The adder bites you.
* * * LOW HITPOINT WARNING * * *
You barely miss the adder.
The adder is moderately wounded.
* * * LOW HITPOINT WARNING * * *
You feel sick. The adder bites you.
* * * LOW HITPOINT WARNING * * *
You are more poisoned.
The adder poisons you!
You hit the adder.
Your tail-slap misses the adder.
The adder is moderately wounded.
You die...

#.........##...#########
#.........##>..##.......
#)......................
#..............#........
##.##.#.................
#.##...#..#...##.......
#.##..##..######.......
#.##.#S...### #.......
#....#@##...# #.......
#..#...####.# #.......
>.......## #.# ########
###..##.## #)# #.###.#
#.# #. ..# #.#### #.
#.## #....## .. #.
####..## #.## ##o.#


You could see an adder.

Vanquished Creatures
  An adder skeleton (D:2)
  An orc (D:3)
  3 bats
  6 endoplasms
  3 giant cockroaches
  4 goblins
  A hobgoblin (D:1)
  3 kobolds
  A quokka (D:2)
  5 ball pythons
  3 frilled lizards
  4 rats
35 creatures vanquished.

Vanquished Creatures (others)
  A fungus (D:2)
1 creature vanquished.

Grand Total: 36 creatures vanquished

Notes
Turn   | Place    | Note
-------+----------+-------------------------------------------
     0 | D:1      | Strat the Palentonga Hedge Wizard began the quest for the
                  | Orb.
     0 | D:1      | Reached XP level 1. HP: 13/13 MP: 4/4
   129 | D:1      | Reached skill level 1 in Fighting
   376 | D:1      | Reached XP level 2. HP: 19/23 MP: 6/6
   593 | D:1      | Found a faded altar of an unknown god.
  1415 | D:2      | Reached XP level 3. HP: 23/29 MP: 7/7
  1630 | D:2      | Found a runed translucent door.
  1631 | D:2      | Noticed Crazy Yiuf
  2444 | D:3      | Succumbed to an adder's poison

Illustrated notes

Levels and vault maps discovered:
D:1:      roderic_octagonal_star, layout_basic, serial_aquarium,
          aquarium_bridge_island_small [aquarium_subvault_small_water,
          aquarium_subvault_bridge, aquarium_subvault_window,
          aquarium_subvault_window, aquarium_subvault_bridge],
          aquarium_bridge_straight [aquarium_subvault_bridge,
          aquarium_subvault_wall, aquarium_subvault_bridge,
          aquarium_subvault_balcony], aquarium_window_1, aquarium_window_1,
          aquarium_window_fake, aquarium_view_2c,
          hellmonk_ecumenical_altar_pennies_from_heaven
D:2:      minmay_evil_eye, layout_loops_ring,
          wander_ebering_terrifying_dragon_lair, uniq_crazy_yiuf_cottage
D:3:      layout_rooms

Skill      XL: |  1  2  3 |
---------------+----------+-----
Fighting       | 1 2 3 |  3.0
Armour         | |  0.2
Dodging        | |  1.5
Stealth        | |  1.2
Spellcasting   | |  3.0
Conjurations   | |  0.8
Summonings     | |  0.7
Translocations | |  1.0

Action                   || total
-------------------------++-------
Melee: Dagger            ||    44
       Tailslap          ||     7
       Short sword       ||    88
       Punch             ||     2
 Cast: Magic Dart        ||     2
 Stab: Sleeping          ||     6
Armor: Robe              ||    42
       Scale mail        ||     8
Dodge: Dodged            ||    49
